 Dungeon Crawl Stone Soup version 0.20.1-1-g8b1a95d (webtiles) character file.

6633 Jannitor the Fighter (level 11, -3/90 HPs)
             Began as a Barachi Chaos Knight on Sept 11, 2017.
             Slain by a yak (11 damage)
             ... on level 10 of the Dungeon.
             The game lasted 00:21:07 (10800 turns).

Jannitor the Fighter (Barachi Chaos Knight)        Turns: 10800, Time: 00:21:08

Health: -3/90      AC: 14    Str: 16    XL:     11   Next: 2%
Magic:  11/11      EV: 15    Int: 13    God:    Xom [.....*]
Gold:   940        SH:  0    Dex: 14    Spells: 10/10 levels left

rFire    + . .     SeeInvis .   a - +2 morningstar (chaos)
rCold    . . .     Gourm    .   (no shield)
rNeg     . . .     Faith    .   J - +2 ring mail of Poor Excuses {Stlth+}
rPois    .         Spirit   .   (no helmet)
rElec    .         Reflect  .   g - +1 cloak
rCorr    +         Harm     .   H - +2 pair of gloves
MR       +....     Rnd*Rage +   h - +0 pair of boots
Stlth    ++........             (no amulet)
Regen    0.3/turn               P - ring of resist corrosion
MPRegen  0.2/turn               v - ring of protection from fire

@: death channel, slow
A: +LOS, swims, thin skeletal structure 1, berserk 1, magic resistance 1,
slowness 1, strong legs 1
a: Hop, Renounce Religion


You were on level 10 of the Dungeon.
You worshipped Xom.
You were Xom's teddy bear.
You were not hungry.

You visited 1 branch of the dungeon, and saw 11 of its levels.

You collected 940 gold pieces.

Inventory:

Hand Weapons
 a - a +2 morningstar of chaos (weapon)
 b - a +1 longbow of chaos
 O - a +0 mace of chaos
Missiles
 y - 9 javelins (quivered)
 E - 183 arrows
Armour
 g - a +1 cloak (worn)
 h - a +0 pair of boots (worn)
 q - a +0 plate armour
 x - a +0 helmet
 D - a +2 leather armour
 H - a +2 pair of gloves (worn)
 J - the +2 ring mail of Poor Excuses (worn) {Stlth+}
   (You found it on level 5 of the Dungeon)

   It makes you more stealthy.
Jewellery
 v - a ring of protection from fire (right hand)
 I - an uncursed ring of magical power
 P - a ring of resist corrosion (left hand)
Wands
 s - a wand of iceblast (15/15)
 u - a wand of lightning (4/15)
 C - a wand of digging (7/24)
 G - a wand of confusion (22/48)
 R - a wand of random effects (21/48)
 T - a wand of clouds (6/9)
 U - a wand of enslavement (11/24)
Scrolls
 e - 9 scrolls of identify
 i - 3 scrolls of remove curse
 m - a scroll of magic mapping
 p - a scroll of enchant armour
 t - 2 scrolls of teleportation
 F - a scroll of fear
 K - 2 scrolls of enchant weapon {unknown}
 L - 2 scrolls of immolation
 M - 2 scrolls of blinking {unknown}
 N - a scroll of amnesia {unknown}
Potions
 d - 4 potions of mutation
 f - 3 potions of brilliance {unknown}
 j - 2 potions of might {unknown}
 l - 3 potions of cancellation {unknown}
 n - 3 potions of curing {unknown}
 r - 2 potions of degeneration {unknown}
 w - a potion of agility {unknown}
 B - 2 potions of haste {unknown}
Comestibles
 c - 7 bread rations
 k - 3 chunks of flesh
 o - 5 royal jellies
 z - 2 meat rations
 S - 3 fruits


   Skills:
 + Level 9.8 Fighting
 + Level 8.7 Maces & Flails
 * Level 9.2 Bows
 - Level 1.8 Throwing
 - Level 4.9 Armour
 + Level 8.2 Dodging


You had 10 spell levels left.
You didn't know any spells.

Dungeon Overview and Level Annotations

Branches:
Dungeon (11/15)            Temple (0/1) D:7             Orc (0/2) D:9
   Lair: D:8-11

Altars:
Cheibriados
Dithmenos
Fedhas
Gozag
Nemelex Xobeh
Uskayaw
Vehumet
Xom
Yredelemnul
The Shining One

Annotations:
D:5 1 runed door


Innate Abilities, Weirdness & Mutations

Shadows flee at your approach. (+LOS)
You can swim through water.
You cover ground slowly.
You can hop short distances.
You have a somewhat thin skeletal structure. (Dex +2, Stealth)
You tend to lose your temper in combat.
You are resistant to hostile enchantments. (MR+)


Message History

The kobold barely misses you.
Something gores the plant!
The porcupine bites the plant but does no damage.
You climb upwards.
There is a stone staircase leading down, spattered with blood here.
You see here a yak corpse.
Unknown command.
You barely miss the big kobold. The big kobold closely misses you.
The yak gores you!
* * * LOW HITPOINT WARNING * * *
The kobold hits you but does no damage.
Your spectral yak gores the big kobold.
Unknown command.
You hit the big kobold but do no damage.
The big kobold is lightly wounded.
The yak gores you.
* * * LOW HITPOINT WARNING * * *
The big kobold hits you but does no damage.
The kobold hits you but does no damage.
Your spectral yak closely misses the big kobold.
The yak gores you!
You die...

..###.....#...#####...[......#...
.. #####.#...........########...
.. #.#..............[....... .
#.#...................... .
#.#...................... .
#.#......................
#.#......................
#.#....K.###########.....
#.#....Y@# #..... #.#....ZK#
#..... ..#######.#......# #...##
..........#......# #...#
..........#......# #...#
..........'......# #...#
........###......## #...#
........#.........# #...##
+#......#.........# #.....


You could see a yak, a big kobold, a kobold and a friendly spectral yak.

Vanquished Creatures
  An unseen horror (D:10)
  A manticore (D:10)
  A hornet (D:7)
  2 hippogriffs (D:7)
  11 yaks (D:10)
  A porcupine (D:10)
  An orc warrior (D:8)
  Purgy (D:3)
  2 ice beasts
  2 sky beasts
  2 phantoms
  2 ogres
  2 centaurs
  2 bullfrogs (D:6)
  A wyvern zombie (D:9)
  A gnoll sergeant (D:7)
  7 killer bees
  5 wights
  3 howler monkeys
  2 electric eels (D:7)
  A crimson imp (D:8)
  A bullfrog zombie (D:8)
  A bullfrog skeleton (D:5)
  8 orc priests
  7 hounds
  4 jellies
  8 orc wizards
  2 centaur skeletons
  5 iguanas
  4 worker ants
  A killer bee zombie (D:10)
  A hound zombie (D:10)
  2 hound skeletons (D:6)
  A howler monkey zombie (D:6)
  A gnoll (D:1)
  A howler monkey skeleton (D:8)
  13 adders
  2 shadow imps (D:7)
  2 adder skeletons
  4 worms
  2 dart slugs (D:1)
  4 leopard geckos
  30 orcs
  4 bats
  8 giant cockroaches
  9 goblins
  7 hobgoblins
  13 jackals
  5 quokkas
  A ball python (D:2)
  8 frilled lizards
  A jackal skeleton (D:4)
  A jackal zombie (D:6)
  6 kobolds
  8 rats
  A spectral orc (D:9)
227 creatures vanquished.

Vanquished Creatures (collateral kills)
  A water moccasin (D:10)
  An orc wizard (D:10)
2 creatures vanquished.

Vanquished Creatures (others)
  A jelly (D:7)
1 creature vanquished.

Grand Total: 230 creatures vanquished

Notes
Turn   | Place    | Note
-------+----------+-------------------------------------------
     0 | D:1      | Jannitor the Barachi Chaos Knight began the quest for the Orb.
     0 | D:1      | Reached XP level 1. HP: 18/18 MP: 1/1
   112 | D:1      | Reached XP level 2. HP: 25/25 MP: 2/2
   180 | D:1      | XOM: harmless Summ miscast
   225 | D:1      | Reached XP level 3. HP: 23/30 MP: 3/3
   709 | D:2      | XOM: divination: detect creatures
   745 | D:2      | XOM: blink monster(s)
   750 | D:2      | Reached XP level 4. HP: 32/38 MP: 4/4
  1046 | D:2      | XOM is BORED!
  1046 | D:2      | XOM: 7-stop teleportation journey
  1333 | D:2      | XOM: divination: detect creatures
  1578 | D:2      | XOM: mild Chrm miscast
  1860 | D:2      | Reached XP level 5. HP: 43/43 MP: 5/5
  2172 | D:3      | Noticed Purgy
  2182 | D:3      | Killed Purgy
  2182 | D:3      | Reached skill level 5 in Fighting
  2294 | D:3      | XOM: harmless Conj miscast
  2645 | D:3      | Reached XP level 6. HP: 51/51 MP: 6/6
  2802 | D:3      | XOM: harmless Tmut miscast
  2861 | D:3      | XOM: medium Ice miscast
  3204 | D:4      | XOM: smoke on damage
  3209 | D:4      | XOM: potion effect (haste)
  3218 | D:4      | XOM: noise
  3220 | D:4      | Noticed a phantom
  3220 | D:4      | Found an opulent altar of Gozag.
  3234 | D:4      | XOM: cloud trail
  3267 | D:4      | XOM: mild Pois miscast
  3442 | D:4      | XOM: god gift: 16 stones
  3568 | D:4      | XOM: god gift: 29 bolts
  3622 | D:4      | Reached skill level 1 in Throwing
  3708 | D:4      | XOM: 1-stop teleportation journey
  3824 | D:4      | XOM: mild Hex miscast
  3960 | D:4      | XOM: harmless Hex miscast
  3991 | D:4      | XOM: confuse monster(s)
  4036 | D:4      | Killed a phantom
  4036 | D:4      | Reached XP level 7. HP: 37/57 MP: 7/7
  4203 | D:4      | XOM: cloud trail
  4231 | D:4      | XOM: god gift: glowing longbow {god gift}
  4244 | D:4      | XOM: cleaving
  4556 | D:5      | Entered Level 5 of the Dungeon
  4613 | D:5      | XOM: give mutations
  4613 | D:5      | Gained mutation: You are resistant to hostile enchantments. (MR+) [Xom's grace]
  4613 | D:5      | Gained mutation: You are somewhat resistant to further mutation. [Xom's grace]
  4676 | D:5      | Found a snail-covered altar of Cheibriados.
  4699 | D:5      | Reached skill level 1 in Bows
  4700 | D:5      | XOM: scenery: create altars
  4883 | D:5      | XOM: god gift: chain mail {god gift}
  4930 | D:5      | Found a sparkling altar of Nemelex Xobeh.
  4953 | D:5      | Found a runed door.
  4999 | D:5      | XOM: summons 1 hostile demon
  5005 | D:5      | Reached skill level 5 in Maces & Flails
  5053 | D:5      | XOM: chaos upgrade
  5059 | D:5      | XOM: stat loss: -1 Dex (10/11)
  5320 | D:5      | XOM: give mutations
  5320 | D:5      | Gained mutation: You have a pair of small antennae on your head. [Xom's mischief]
  5320 | D:5      | Gained mutation: You are frail. (-10% HP) [Xom's mischief]
  5320 | D:5      | Gained mutation: You expend magic power (3 MP) to strengthen your wands. [Xom's mischief]
  5320 | D:5      | Gained mutation: You occasionally shout uncontrollably at your foes. [Xom's mischief]
  5405 | D:5      | Reached XP level 8. HP: 52/58 MP: 8/8
  5431 | D:5      | Got a twisted ring mail
  5442 | D:5      | Identified the +2 ring mail of Poor Excuses {Stlth+} (You found it on level 5 of the Dungeon)
  5498 | D:5      | XOM: noise
  5860 | D:6      | Reached skill level 5 in Dodging
  6114 | D:6      | XOM: noise
  6540 | D:7      | Found a staircase to the Ecumenical Temple.
  6541 | D:7      | Noticed a hippogriff
  6546 | D:7      | Killed a hippogriff
  6546 | D:7      | Reached XP level 9. HP: 64/64 MP: 9/9
  6565 | D:7      | Reached skill level 5 in Bows
  6580 | D:7      | XOM: stat loss: -1 Int (12/13)
  6657 | D:7      | Found an opulent altar of Gozag.
  6664 | D:7      | XOM: 1-stop teleportation journey
  6886 | D:7      | XOM: god gift: scroll of immolation
  6962 | D:7      | Lost mutation: You are resistant to hostile enchantments. (MR+) [potion of mutation]
  6962 | D:7      | Lost mutation: You are somewhat resistant to further mutation. [potion of mutation]
  6962 | D:7      | Lost mutation: You occasionally shout uncontrollably at your foes. [potion of mutation]
  6962 | D:7      | Lost mutation: You have a pair of small antennae on your head. [potion of mutation]
  6962 | D:7      | Lost mutation: You expend magic power (3 MP) to strengthen your wands. [potion of mutation]
  6962 | D:7      | Lost mutation: You are frail. (-10% HP) [potion of mutation]
  6962 | D:7      | Gained mutation: You tend to lose your temper in combat. [potion of mutation]
  6962 | D:7      | Gained mutation: You are resistant to hostile enchantments. (MR+) [potion of mutation]
  7226 | D:7      | Found a glowing golden altar of the Shining One.
  7308 | D:7      | XOM: fake destruction
  7455 | D:7      | Found a shadowy altar of Dithmenos.
  7523 | D:7      | Noticed a hornet
  7527 | D:7      | Killed a hornet
  7670 | D:8      | XOM: summons 5 friendly demons
  7745 | D:8      | Found a hide-covered altar of Uskayaw.
  7745 | D:8      | Noticed a dagger
  7745 | D:8      | Noticed a hand axe
  7890 | D:8      | XOM: god gift: 450 gold pieces
  8022 | D:8      | XOM: god gift: runed morningstar {god gift}
  8352 | D:8      | Reached XP level 10. HP: 82/82 MP: 10/10
  8356 | D:8      | XOM: cast spell 'Alistair's Intoxication'
  8360 | D:8      | XOM: scenery: create altars
  8364 | D:8      | XOM: summons friendly crimson imp
  8369 | D:8      | XOM: noise
  8478 | D:8      | XOM: noise
  8551 | D:8      | XOM: noise
  8585 | D:8      | Found a radiant altar of Vehumet.
  8800 | D:9      | XOM: harmless Tmut miscast
  8983 | D:9      | XOM: give mutation
  8983 | D:9      | Gained mutation: You have a somewhat thin skeletal structure. (Dex +2, Stealth) [Xom's grace]
  8988 | D:9      | Found a blossoming altar of Fedhas.
  9005 | D:9      | XOM: god gift: twisted smoking staff {god gift}
  9027 | D:9      | XOM: god gift: wand of clouds (?/9) {god gift}
  9079 | D:9      | Found a basalt altar of Yredelemnul.
  9150 | D:9      | Found a staircase to the Orcish Mines.
  9326 | D:9      | XOM: scenery: create altars
  9658 | D:10     | Entered Level 10 of the Dungeon
  9690 | D:10     | XOM: summons friendly iron imp
  9694 | D:10     | XOM: fake destruction
  9710 | D:10     | XOM: scenery: create altars
  9960 | D:10     | XOM: god gift: 12 arrows
 10360 | D:10     | Noticed a centaur warrior
 10367 | D:10     | XOM: summons 10 friendly demons
 10375 | D:10     | Killed an unseen horror
 10427 | D:10     | XOM: enchant monster (good)
 10449 | D:10     | XOM: butterfly on damage
 10766 | D:11     | Noticed a manticore
 10774 | D:10     | Killed a manticore
 10781 | D:10     | Reached XP level 11. HP: 36/90 MP: 11/11
 10783 | D:10     | XOM: cast spell 'Death Channel'
 10796 | D:11     | XOM: divination: magic mapping
 10800 | D:10     | Slain by a yak

Skill      XL: |  1  2  3  4  5  6  7  8  9 10 |
---------------+-------------------------------+-----
Fighting       | 4 5 6 7 8 9 |  9.8
Armour         | 3 4 |  4.9
Dodging        | 2 3 4 5 7 8 |  8.2
Maces & Flails | 4 5 6 7 8 |  8.7
Throwing       | 1 |  1.8
Bows           | 2 4 7 9 |  9.2

Action                   |  1- 3 |  4- 6 |  7- 9 | 10-12 || total
-------------------------+-------+-------+-------+-------++-------
Melee: Mace              |    98 |   232 |   260 |       ||   590
       Morningstar       |       |       |    27 |   124 ||   151
 Fire: Longbow           |       |       |   164 |    64 ||   228
 Abil: Hop               |     1 |       |       |       ||     1
Evoke: Wand              |       |       |       |     1 ||     1
  Use: Scroll            |       |       |    10 |     2 ||    12
       Potion            |       |       |     2 |     3 ||     5
 Stab: Petrifying        |     1 |       |       |     1 ||     2
       Petrified         |       |    12 |     2 |     2 ||    16
       Paralysed         |       |     1 |     4 |       ||     5
       Confused          |       |       |     1 |       ||     1
  Eat: Chunk             |       |     6 |    14 |     4 ||    24
       Meat ration       |       |     1 |       |       ||     1
       Royal jelly       |       |       |     1 |       ||     1
       Bread ration      |       |       |       |     1 ||     1
Armor: Leather armour    |    45 |    22 |       |       ||    67
       Plate armour      |       |   161 |   159 |       ||   320
       Ring mail         |       |       |   101 |   104 ||   205
Dodge: Dodged            |    52 |    95 |   154 |   137 ||   438
